 Dungeon Crawl Stone Soup version 0.21.1-1-g345015f (webtiles) character file.

267 Mirai the Sneak (level 6, -4/48 HPs)
             Began as a Kobold Enchanter on Apr 24, 2018.
             Slain by an orc
             ... wielding a +1 whip of electrocution
              (15 damage)
             ... on level 4 of the Dungeon.
             The game lasted 00:08:04 (3159 turns).

Mirai the Sneak (Kobold Enchanter)                  Turns: 3159, Time: 00:08:05

Health: -4/48      AC: 27    Str:  7 (10) XL:     6   Next: 45%
Magic:  0/10       EV:  3    Int: 14 (17) God:
Gold:   145        SH:  0    Dex: 14 (17) Spells: 8/11 levels left

rFire    . . .     SeeInvis .   a - +1 dagger
rCold    . . .     Gourm    .   (shield restricted)
rNeg     + + +     Faith    .   (armour currently unavailable)
rPois    +         Spirit   +   (helmet currently unavailable)
rElec    .         Reflect  .   (cloak currently unavailable)
rCorr    .         Harm     .   (gloves currently unavailable)
MR       .....     NoTele   +   (boots currently unavailable)
Stlth    +++.......             e - amulet of guardian spirit
HPRegen  0.16/turn              o - +4 ring of protection
MPRegen  0.12/turn              (no ring)

@: mighty, tree-form
A: small, carnivore
a: no special abilities


You were on level 4 of the Dungeon.
You were very full.
You were a tree.
You visited 1 branch of the dungeon, and saw 4 of its levels.

You collected 145 gold pieces.

Inventory:

Hand Weapons
 a - a +1 dagger (weapon)
Armour
 p - a +2 robe (melded)
Jewellery
 e - an amulet of guardian spirit (around neck)
 o - a +4 ring of protection (left branch)
Scrolls
 b - a scroll of blinking
 f - 4 scrolls of identify
 k - 3 scrolls of remove curse
Potions
 i - a potion of invisibility
Books
 c - a book of Maledictions

   Spells                             Type                      Level
   a - Corona                         Hexes                        1
   b - Ensorcelled Hibernation        Hexes/Ice                    2
   c - Confuse                        Hexes                        3
   d - Tukima's Dance                 Hexes                        3
   e - Dazzling Spray                 Conjuration/Hexes            3
Comestibles
 d - 4 rations


   Skills:
 + Level 3.4 Short Blades
 + Level 3.8 Dodging
 + Level 5.4 Stealth
 + Level 3.2 Spellcasting
 + Level 3.9 Hexes
 + Level 1.6 Ice Magic


You had 8 spell levels left.
You knew the following spells:

 Your Spells              Type           Power        Failure   Level  Hunger
a - Corona                Hex            ##.....      4%          1    #......
b - Ensorcelled Hibernat  Hex/Ice        ##....       10%         2    ##.....


Dungeon Overview and Level Annotations

Branches:
Dungeon (4/15)
 Temple: D:4-7

Altars:
Hepliaklqana


Innate Abilities, Weirdness & Mutations

You are small and have problems with some larger weapons.
You are carnivorous and can eat meat at any time.


Message History

The orc priest is moderately wounded.
The orc hits you.
The orc priest hits you but does no damage.
The orc hits you but does no damage.
You feel very mighty all of a sudden.
The orc wizard gestures wildly while chanting.
The orc wizard seems to speed up.
The orc hits you but does no damage.
The orc priest hits you but does no damage.
The orc hits you but does no damage.
You are electrocuted!
* * * LOW HITPOINT WARNING * * *
You barely miss the orc priest.
The orc priest is moderately wounded.
The orc hits you but does no damage.
The orc priest hits you but does no damage.
The orc wizard mumbles some strange words.
The orc wizard blinks!
You closely miss the orc priest.
The orc priest is moderately wounded.
The orc hits you but does no damage.
You are electrocuted!
You die...

#......#
#......#
####......#
#......####
#......#
#....^.#
###......# .
#....##+##..
#(.o♣# .o...
#..oo#......
#....'......
#...§#.(...o
#....#......
#....# .##.>
#....+ .# .
#...)# #
#....#


You could see an orc priest and 2 orcs.

Vanquished Creatures
  2 orc wizards (D:3)
  An orc priest (D:3)
  Jessica (D:3)
  8 adders
  An ooze (D:2)
  6 leopard geckos
  5 orcs (D:3)
  6 bats
  7 giant cockroaches
  7 goblins
  5 hobgoblins
  3 jackals (D:1)
  3 quokkas (D:2)
  2 ball pythons
  2 frilled lizards
  7 kobolds
  8 rats
74 creatures vanquished.

Notes
Turn   | Place    | Note
-------+----------+-------------------------------------------
     0 | D:1      | Mirai the Kobold Enchanter began the quest for the Orb.
     0 | D:1      | Reached XP level 1. HP: 10/10 MP: 3/3
   128 | D:1      | Reached XP level 2. HP: 8/15 MP: 1/5
   146 | D:1      | Learned a level 2 spell: Ensorcelled Hibernation
   710 | D:1      | Reached XP level 3. HP: 18/19 MP: 6/6
  1455 | D:2      | Reached XP level 4. HP: 14/24 MP: 3/7
  2034 | D:3      | Noticed Jessica
  2034 | D:3      | Reached skill level 1 in Ice Magic
  2034 | D:3      | Reached XP level 5. HP: 17/28 MP: 2/9
  2046 | D:3      | Reached skill level 5 in Stealth
  2074 | D:3      | Killed Jessica
  2074 | D:3      | Reached XP level 6. HP: 6/32 MP: 1/10
  2415 | D:3      | Found a hazy altar of Hepliaklqana.
  3159 | D:4      | Slain by an orc

Skill      XL: |  1  2  3  4  5 |
---------------+----------------+-----
Short Blades   | 2 3 |  3.4
Dodging        | 3 |  3.8
Ice Magic      | 1 |  1.6
Stealth        | 5 |  5.4
Spellcasting   | 3 |  3.2
Hexes          | |  3.9

Action                   |  1- 3 |  4- 6 || total
-------------------------+-------+-------++-------
Melee: Dagger            |   162 |   116 ||   278
       Rapier            |       |    31 ||    31
 Cast: Corona            |     1 |       ||     1
       Ensorcelled Hiber |     6 |    27 ||    33
  Use: Potion            |       |     5 ||     5
       Scroll            |       |     8 ||     8
 Stab: Sleeping          |     8 |    21 ||    29
  Eat: Chunk             |    11 |     5 ||    16
Armor: Robe              |    31 |    22 ||    53
       Skin              |       |    32 ||    32
Dodge: Dodged            |   145 |    97 ||   242
